 Dungeon Crawl Stone Soup version 0.29.1-15-g9cfb28693d (webtiles) character file.

Game seed: 14695083434376632934

6 Peloso the Covered (level 1, -1/20 HPs)
             Began as a Minotaur Fighter on Apr 23, 2023.
             Slain by Terence
             ... wielding a +0 hand axe
              (3 damage)
             ... on level 2 of the Dungeon.
             The game lasted 00:00:19 (177 turns).

Peloso the Covered (Minotaur Fighter)                Turns: 177, Time: 00:00:19

Health: -1/20      AC:  7    Str: 20    XL:     1   Next: 75%
Magic:  0/0        EV:  9    Int:  5    God:
Gold:   19         SH:  4    Dex:  9    Spells: 0/0 levels left

rFire   . . .      SeeInvis .   a - +0 long sword
rCold   . . .      Faith    .   c - +0 buckler
rNeg    . . .      Spirit   .   b - +0 scale mail
rPois   .          Reflect  .   (helmet restricted)
rElec   .          Harm     .   (no cloak)
rCorr   .          Rampage  .   (no gloves)
Will    .....                   (no boots)
Stlth   ..........              (no amulet)
HPRegen 0.06/turn               (no ring)
MPRegen 0.07/turn               (no ring)

@: no status effects
A: horns 2, retaliatory headbutt
a: no special abilities


You were on level 2 of the Dungeon.
You visited 1 branch of the dungeon, and saw 2 of its levels.

You collected 19 gold pieces.

Inventory:

Hand Weapons
 a - a +0 long sword (weapon)
Armour
 b - a +0 scale mail (worn)
 c - a +0 buckler (worn)
Scrolls
 e - a scroll of identify {unknown}
 f - a scroll of immolation {unknown}
Potions
 d - a potion of might


   Skills:
 + Level 3.8 Fighting
 + Level 2.6 Long Blades
 + Level 3.8 Armour
 + Level 3.7 Shields


You couldn't memorise any spells.
You didn't know any spells.
Your spell library was empty.

Dungeon Overview and Level Annotations

Branches:
Dungeon (2/15)

Altars:

Annotations:
D:2 Terence


Innate Abilities, Weirdness & Mutations

You have a pair of horns on your head.
You reflexively headbutt those who attack you in melee.


Message History

You miss the bat. Your headbutt misses the bat.
The bat hits you but does no damage. x2
The bat closely misses you. The rat barely misses you.
You block the bat's attack. The bat attacks as you move away!
You block the bat's attack. The rat attacks as you move away!
You block the rat's attack. The bat hits you but does no damage.
You slash the bat!
You kill the bat!
The rat barely misses you. You furiously retaliate!
You headbutt the rat.
You kill the rat!
You see here a bat corpse.
f - a scroll labelled JOTTOK SYJAG A sourceless malevolence fills the Dungeon...
You fall into a shaft and drop 1 floor!
The shaft crumbles and collapses.
A giant cockroach comes into view.
Found two stone staircases leading up.
A giant cockroach is nearby!
The giant cockroach barely misses you. The giant cockroach closely misses you.
You hit the giant cockroach but do no damage.
You headbutt the giant cockroach.
You kill the giant cockroach!
Found an escape hatch in the ceiling.
Terence the Incautious comes into view.
He is wielding a +0 hand axe and carrying a wand of light (13).
There is a stone staircase leading up here.
Terence hits you but does no damage.
You hit Terence. You headbutt Terence, but do no damage.
Terence is lightly wounded.
Terence zaps a wand.
The bolt of light hits you!
You completely miss Terence.
Terence is lightly wounded.
Terence zaps a wand.
The bolt of light hits you!
You are confused.
* * * LOW HITPOINT WARNING * * *
Terence closely misses you.
You feel less confused. You block Terence's attack.
Terence hits you with a +0 hand axe.
You die...

#.# #.# #.# #
###.# #. ...#
#.###.<# #......#
#....@@#
###......##
.##........<#####
.........<.......
#.........#####
###.....###
#.....# #.....#
########.#.#.#


You could see Terence.

Vanquished Creatures
  An endoplasm (D:1)
  A giant cockroach (D:2)
  A bat (D:1)
  A frilled lizard (D:1)
  A goblin (D:1)
  2 rats (D:1)
7 creatures vanquished.

Notes
Turn   | Place    | Note
-------+----------+-------------------------------------------
     0 | D:1      | Peloso the Minotaur Fighter began the quest for the Orb.
     0 | D:1      | Reached XP level 1. HP: 19/19 MP: 0/0
   161 | D:1      | You fall into a shaft and drop 1 floor!
   169 | D:2      | Noticed Terence
   177 | D:2      | Slain by Terence

Illustrated notes

Levels and vault maps discovered:
D:1:      amcnicky_arrival_blooded_trapdoor, layout_basic, serial_shops, shop
D:2:      layout_loops_ring, uniq_terence, uniq_natasha,
          uniq_crazy_yiuf_cottage, uniq_robin

Action                   || total
-------------------------++-------
Melee: Long sword        ||    20
       Headbutt          ||     4
Armor: Scale mail        ||     8
Dodge: Dodged            ||    14
Block: Buckler           ||     7
